 Dungeon Crawl Stone Soup version 0.29-a0-393-g47a863cc1b (webtiles) character file.

Game seed: 3881395232944603305

90 Strat the Conjurer (level 4, -4/30 HPs)
             Began as a Human Conjurer on May 9, 2022.
             Succumbed to a scorpion's poison
             ... on level 4 of the Dungeon.
             The game lasted 00:06:01 (3740 turns).

Strat the Conjurer (Human Conjurer)                 Turns: 3740, Time: 00:06:02

Health: -4/30      AC:  3    Str:  7    XL:     4   Next: 85%
Magic:  3/7        EV: 12    Int: 20    God:
Gold:   169        SH:  0    Dex: 12    Spells: 0/7 levels left

rFire   . . .      SeeInvis .   a - +0 dagger (speed)
rCold   . . .      Faith    .   (no shield)
rNeg    . . .      Spirit   .   d - +0 robe
rPois   .          Reflect  .   (no helmet)
rElec   .          Harm     .   m - +0 cloak
rCorr   .          Rampage  .   (no gloves)
Will    .....                   (no boots)
Stlth   ++........              (no amulet)
HPRegen 0.10/turn               (no ring)
MPRegen 0.10/turn               (no ring)

@: lethally poisoned (-4 -> -27), attractive, flying
A: no striking features
a: no special abilities


You were on level 4 of the Dungeon.
You visited 1 branch of the dungeon, and saw 4 of its levels.

You collected 169 gold pieces.

Inventory:

Hand Weapons
 a - a +0 dagger of speed (weapon)
 t - a +1 trident of protection
Missiles
 r - 5 poisoned darts
Armour
 d - a +0 robe (worn)
 m - a +0 cloak (worn)
Jewellery
 s - an amulet of guardian spirit
 u - a +6 ring of intelligence
Scrolls
 c - a scroll of poison {unknown}
 e - a scroll of amnesia {unknown}
 g - 2 scrolls of identify {unknown}
 i - a scroll of blinking {unknown}
 k - a scroll of summoning {unknown}
 p - 2 scrolls of teleportation {unknown}
Potions
 j - a potion of mutation {unknown}
 l - a potion of invisibility {unknown}
 n - a potion of brilliance {unknown}
 o - a potion of heal wounds {unknown}
 q - a potion of degeneration {unknown}


   Skills:
 - Level 2.0 Dodging
 - Level 2.0 Stealth
 - Level 2.0 Spellcasting
 + Level 5.6 Conjurations
 + Level 1.3 Hexes


You couldn't memorise any spells.
You knew the following spells:

 Your Spells              Type           Power      Damage    Failure   Level
a - Magic Dart            Conj           96%        1d7       1%          1
b - Searing Ray           Conj           48%        2d6       2%          2
c - Fulminant Prism       Conj/Hex       7%         3d7       36%         4

Your spell library contained the following spells:

 Spells                   Type           Power      Damage    Failure   Level
 Dazzling Flash           Conj/Hex       30%        N/A       12%         3
 Iskenderun's Mystic Bla  Conj/Tloc      13%        2d5       45%         4


Dungeon Overview and Level Annotations

Branches:
Dungeon (4/15)
 Temple: D:4-7

Altars:

Annotations:
D:3 Grinder


Message History

The scorpion is heavily wounded.
You feel very sick. The scorpion closely misses you.
Without enough magic to sustain it, your searing ray dissipates.
You feel sick. The scorpion misses you. Magic courses through your body.
You feel sick. The scorpion barely misses you.
Casting: Searing Ray (safe; 2% risk of failure)
Confirm with . or Enter, or press ? or * to list all spells.
Aiming: Searing Ray (safe; 2% risk of failure)
Press: ? - help, Shift-Dir - straight line, f/p - scorpion
Aim: a scorpion (heavily wounded, 79% to hit)
The searing ray hits the scorpion.
The scorpion is heavily wounded. (Press . to maintain the ray.)
You feel sick. The scorpion barely misses you. The scorpion closely misses you.
The searing ray hits the scorpion.
The scorpion is severely wounded.
You feel sick. The scorpion closely misses you.
The searing ray hits the scorpion.
The scorpion is almost dead.
You feel sick. The scorpion closely misses you.
The searing ray hits the scorpion.
The scorpion is almost dead.
You finish channelling your searing ray.
You feel sick. The scorpion stings you.
* * * LOW HITPOINT WARNING * * *
You are lethally poisoned!
The scorpion poisons you!
It was a potion of flight.
You feel very buoyant.
You fly up into the air.
* * * LOW HITPOINT WARNING * * *
You feel very sick. The scorpion stings you.
* * * LOW HITPOINT WARNING * * *
You are more poisoned.
The scorpion poisons you!
It was a potion of attraction.
You feel attractive to monsters.
You die...

###.## ?. ..##...
......###.. #.##...
......... #.##...
###.#....# #.##...
.....#.#.#######.##...
....).................
#..$...##########.#.
#.##s...# #.#.
#..@.##.# #.#.
#######.#########.#.
#...................
####.#..............
#.###############
######.#
#...##.###########
#.####...........#
#....###########.#


You could see a scorpion.

Vanquished Creatures
  3 adders (D:2)
  A dart slug (D:1)
  3 orcs (D:4)
  4 ball pythons
  10 endoplasms
  7 giant cockroaches
  4 goblins (D:1)
  5 hobgoblins
  3 kobolds
  A quokka (D:4)
  6 bats
  2 frilled lizards
  2 rats (D:1)
51 creatures vanquished.

Notes
Turn   | Place    | Note
-------+----------+-------------------------------------------
     0 | D:1      | Strat the Human Conjurer began the quest for the Orb.
     0 | D:1      | Reached XP level 1. HP: 13/13 MP: 3/3
   235 | D:1      | Reached XP level 2. HP: 19/19 MP: 1/5
   240 | D:1      | Learned a level 2 spell: Searing Ray
   901 | D:1      | Reached XP level 3. HP: 24/24 MP: 3/6
  1231 | D:1      | Reached skill level 5 in Conjurations
  2141 | D:2      | Reached XP level 4. HP: 30/30 MP: 4/7
  2146 | D:2      | Learned a level 4 spell: Fulminant Prism
  2692 | D:2      | Reached skill level 1 in Hexes
  2730 | D:2      | Found a faded altar of an unknown god.
  2926 | D:3      | Identified the +5 whip of Doom {freeze, rPois rCorr Str+3
                  | Int-4}
  2949 | D:3      | Noticed Grinder
  3653 | D:4      | Noticed a scorpion
  3739 | D:4      | HP: 1/30 [scorpion (1)]
  3740 | D:4      | Succumbed to a scorpion's poison

Illustrated notes

Levels and vault maps discovered:
D:1:      kilobyte_arrival_exit_the_forest, layout_loops_ring,
          minmay_hexomino_u4
D:2:      layout_basic, basic_ecumenical_altar
D:3:      layout_basic, uniq_grinder
D:4:      minmay_general_purpose_star, layout_basic, serial_glass,
          glass_columns_b, glass_columns_b

Skill      XL: |  1  2  3  4 |
---------------+-------------+-----
Conjurations   | 5 |  5.6
Hexes          | 1 |  1.3
Dodging        | |  2.0
Stealth        | |  2.0
Spellcasting   | |  2.0

Action                   |  1- 3 |  4- 6 || total
-------------------------+-------+-------++-------
Melee: Unarmed           |     5 |       ||     5
       Dagger            |    27 |    18 ||    45
 Cast: Magic Dart        |    14 |     7 ||    21
       Searing Ray       |    25 |    17 ||    42
  Use: Potion            |       |     3 ||     3
Armor: Robe              |     8 |    12 ||    20
Dodge: Dodged            |    20 |    21 ||    41

Table legend: (Time is in decaauts)
 A = Elapsed time spent in this place.
 B = Non-inter-level travel time spent in this place.
 C = Inter-level travel time spent in this place.
 D = Time resting spent in this place.
 E = Time spent auto-exploring this place.
 F = Levels seen in this place.
 G = Mean time per level.
                   A        B        C        D        E       F      G
               +--------+--------+--------+--------+--------+-----+--------+
         Total |   3732 |   3591 |    141 |    363 |   2663 |   4 |  933.0 |
       Dungeon |   3732 |   3591 |    141 |    363 |   2663 |   4 |  933.0 |
               +--------+--------+--------+--------+--------+-----+--------+

Top non-repeatable levels by time:
     D:1: 1828 daAuts
     D:2: 1221 daAuts
     D:3: 397 daAuts
     D:4: 284 daAuts
